Match 46965886
Unlisted

Match 46965886
End
Construct Infanterie Kompanie
Pioneer Squad
Grenadier Squad
MG 42 Machine Gun Team
Grenadier Squad
Construct Luftwaffe Kompanie
Flak 30 Anti-aircraft Gun Team
221 Scout Car
Flak 30 Anti-aircraft Gun Team
Support Elements
Jäger Squad
Wirbelwind Flakpanzer
Pioneer Squad
Wirbelwind Flakpanzer
Selects Breakthrough Battlegroup
Selects Assault Grenadiers
Selects Breakthrough
Selects Mechanized Assault Group
Selects Rapid Production
Medical Bunker
Mechanized Assault Group
Selects Blitzkrieg
Construct Panzer Kompanie
Marder III M Tank Destroyer
Grenadier Squad
Jäger Squad
Pioneer Squad
Jäger Squad
Selects Tiger Heavy Tank
Tiger Heavy Tank
Jäger Squad
Luftwaffe Officer Quarters
Pioneer Squad
Pioneer Squad
Marder III M Tank Destroyer
Marder III M Tank Destroyer
PutPut-AutistInPerfection
反内卷办公室主任
AUS Potato
P3prime
0
0

Comments sign in to comment!

No comments posted yet!